 Dungeon Crawl Stone Soup version 0.31.0-7-gf635a9b802 (webtiles) character file.

Game seed: 11970671971713666864

107 petercordia the Trooper (level 4, 0/49 HPs)
             Began as an Oni Warper on Jan 23, 2024.
             Incinerated by a bombardier beetle (5 damage)
             ... with a burning spray
             ... on level 4 of the Dungeon.
             The game lasted 00:04:46 (2713 turns).

petercordia the Trooper (Oni Warper)                Turns: 2713, Time: 00:04:47

Health: 0/49       AC:  3    Str: 15    XL:     4   Next: 86%
Magic:  7/7        EV: 10    Int: 14    God:
Gold:   191        SH:  5    Dex: 10    Spells: 3/7 levels left

rFire   . . .        a - +0 mace
rCold   . . .        (no shield)
rNeg    . . .        b - +0 robe
rPois   .            (helmet restricted)
rElec   .            (no cloak)
rCorr   .            (gloves unavailable)
SInv    .            (boots unavailable)
Will    .....        e - amulet of reflection
Stlth   +            (no ring)
HPRegen 0.28/turn    (no ring)
MPRegen 0.10/turn

%: reflection
@: on fire, glowing
A: large, unfitting armour, horns 1, tough skin 1, double potion healing,
drunken brawling
a: no special abilities


You were on level 4 of the Dungeon.
You visited 1 branch of the dungeon, and saw 4 of its levels.

You collected 191 gold pieces.

Inventory:

Hand Weapons
 a - a +0 mace (weapon)
Missiles
 d - 7 darts of dispersal (quivered)
 g - 5 poisoned darts
 h - 43 stones
Armour
 b - a +0 robe (worn)
Jewellery
 e - an amulet of reflection (around neck)
 k - an amulet of magic regeneration
Scrolls
 c - 2 scrolls of blinking
 i - a scroll of immolation {unknown}
 l - a scroll of summoning {unknown}
 o - a scroll of identify {unknown}
 q - a scroll of enchant armour {unknown}
 r - a scroll of poison {unknown}
Potions
 m - a potion of brilliance {unknown}
 n - a potion of enlightenment {unknown}
 p - a potion of ambrosia {unknown}


   Skills:
 * Level 4.7 Fighting
 - Level 3.0 Maces & Flails
 - Level 1.0 Throwing
 + Level 3.0 Dodging
 - Level 2.4 Spellcasting
 - Level 2.6 Translocations


You had 3 spell levels left.
You knew the following spells:

 Your Spells              Type           Power      Damage    Failure   Level
a - Lesser Beckoning      Tloc           18%        N/A       12%         2
b - Blink                 Tloc           18%        N/A       12%         2

Your spell library contained the following spells:

 Spells                   Type           Power      Damage    Failure   Level
 Teleport Other           Tloc           9%         N/A       22%         3
 Manifold Assault         Tloc           9%         N/A       58%         4
 Vhi's Electric Charge    Tloc/Air       10%        N/A       78%         4


Dungeon Overview and Level Annotations

Branches:
Dungeon (4/15)
 Temple: D:4-7

Altars:

Shops:
D:1 (   D:2 (

Annotations:
D:4 2 runed translucent doors, Skimidon's ghost, amateur VSEn


Innate Abilities, Weirdness & Mutations

You are too large for most types of armour.
You have a pair of small horns on your head.
You have tough skin. (AC +1)
You gain doubled healing and magic from potions.
Whenever you drink a healing potion, you attack all around you.


Message History

You are even more covered in liquid fire!
Found 2 bubbling amethyst potions and a yellow potion.
You shake off some of the fire as you move.
The liquid fire burns you!
You shake off some of the fire as you move.
The liquid fire burns you!
You shake off some of the fire as you move.
The liquid fire burns you!
You shake off the liquid fire.
The bombardier beetle sprays incendiary fluid at you.
The burning spray hits you.
You are covered in liquid fire!
You shake off some of the fire as you move.
The liquid fire burns you!
The bombardier beetle bites you but does no damage.
You shake off the liquid fire.
You hit the bombardier beetle.
The bombardier beetle is heavily wounded.
The bombardier beetle sprays incendiary fluid at you.
The burning spray hits you.
You are covered in liquid fire!
You sock the bombardier beetle!
You headbutt the bombardier beetle, but do no damage.
The bombardier beetle is almost dead.
The liquid fire burns you!
The bombardier beetle bites you but does no damage.
You closely miss the bombardier beetle.
You headbutt the bombardier beetle, but do no damage.
The bombardier beetle is almost dead.
The liquid fire burns you!
* * * LOW HITPOINT WARNING * * *
You barely miss the bombardier beetle.
The bombardier beetle is almost dead.
The liquid fire burns you!
* * * LOW HITPOINT WARNING * * *
The bombardier beetle bites you.
* * * LOW HITPOINT WARNING * * *
You shake off some of the fire as you move.
The liquid fire burns you!
You die...

#!.!# ####...#####
.......... #......#####
#........... #......#
#....#...# #..B.# ...
#.@..# . . #....# #
#####..### #
##........# #
##.........# .
#..........# #
#..........## #
#...........# #
#...........###########


You could see a bombardier beetle.

Vanquished Creatures
  2 adders
  2 ribbon worms (D:3)
  2 dart slugs (D:1)
  6 orcs
  2 ball pythons
  9 endoplasms
  4 giant cockroaches
  8 goblins
  6 hobgoblins
  4 jackals (D:1)
  2 quokkas
  4 bats
  3 frilled lizards
  5 kobolds
  8 rats
67 creatures vanquished.

Notes
Turn   | Place    | Note
-------+----------+-------------------------------------------
     0 | D:1      | petercordia the Oni Warper began the quest for the Orb.
     0 | D:1      | Reached XP level 1. HP: 22/22 MP: 3/3
    67 | D:1      | Reached XP level 2. HP: 20/29 MP: 5/5
   126 | D:1      | Reached skill level 3 in Fighting
   278 | D:1      | Reached XP level 3. HP: 32/37 MP: 6/6
   424 | D:1      | Learned a level 2 spell: Blink
   427 | D:1      | Learned a level 2 spell: Lesser Beckoning
   613 | D:1      | Found Alexein's Antique Weapon Emporium.
  1561 | D:2      | Found Archim's Weapon Emporium.
  1668 | D:3      | Reached XP level 4. HP: 42/48 MP: 7/7
  1802 | D:3      | Reached skill level 4 in Fighting
  2423 | D:4      | HP: 1/49 [orc/+0 trident (7)]
  2594 | D:4      | Found a large runed translucent door.
  2595 | D:4      | Noticed Skimidon's ghost (amateur VSEn)
  2604 | D:4      | Found a large runed translucent door.
  2713 | D:4      | Incinerated by a bombardier beetle

Illustrated notes

Levels and vault maps discovered:
D:1:      erik_arrival_triangle_small, layout_loops_ring, serial_shops,
          shop_fountains, minmay_domino_4
D:2:      layout_loops_ring, serial_shops, nicolae_shop_back_alley_shop,
          minmay_tripent
D:3:      layout_basic, minmay_misc_feat_iff
D:4:      layout_rooms, ebering_ghost_disaster_area

Skill      XL: |  1  2  3  4 |
---------------+-------------+-----
Fighting       | 3 4 |  4.7
Maces & Flails | 3 |  3.0
Dodging        | 3 |  3.0
Throwing       | |  1.0
Spellcasting   | |  2.4
Translocations | |  2.6

Action                     |  1- 3 |  4- 6 || total
---------------------------+-------+-------++-------
  Melee: Mace              |   119 |    86 ||   205
         Headbutt          |    16 |    15 ||    31
         Punch             |     1 |     1 ||     2
   Cast: Lesser Beckoning  |       |     1 ||     1
    Use: Potion            |       |     2 ||     2
   Stab: Sleeping          |     1 |       ||     1
 Armour: Robe              |    74 |    48 ||   122
         Skin              |       |     2 ||     2
  Dodge: Dodged            |    48 |    41 ||    89
  Block: Other             |    26 |    28 ||    54
         Reflection        |     1 |     1 ||     2
